 Dungeon Crawl Stone Soup version 0.27.1 (webtiles) character file.

Game seed: 9968701557789277091

219 nxtlvl the Poker (level 6, 0/44 HPs)
             Began as a Human Gladiator on Aug 24, 2021.
             Slain by a gnoll (2 damage)
             ... on level 4 of the Dungeon.
             The game lasted 00:07:38 (935 turns).

nxtlvl the Poker (Human Gladiator)                   Turns: 935, Time: 00:07:40

Health: 0/44       AC:  4    Str: 14    XL:     6   Next: 17%
Magic:  6/6        EV:  8    Int: 10    God:
Gold:   57         SH:  3    Dex: 15    Spells: 5/5 levels left

rFire    . . .     SeeInvis .   a - +0 trident
rCold    . . .     Faith    .   i - +0 buckler
rNeg     . . .     Spirit   .   b - +0 leather armour
rPois    .         Reflect  .   c - +0 helmet
rElec    .         Harm     .   (no cloak)
rCorr    .         Rampage  .   (no gloves)
Will     .....                  (no boots)
Stlth    +.........             (no amulet)
HPRegen  0.14/turn              (no ring)
MPRegen  0.10/turn              (no ring)

@: constricted
A: no striking features
a: no special abilities


You were on level 4 of the Dungeon.
You visited 1 branch of the dungeon, and saw 4 of its levels.

You collected 57 gold pieces.

Inventory:

Hand Weapons
 a - a +0 trident (weapon)
Missiles
 d - 2 throwing nets (quivered)
 e - 46 arrows
 g - 39 sling bullets
 n - 17 bolts
 o - 7 curare-tipped darts
Armour
 b - a +0 leather armour (worn)
 c - a +0 helmet (worn)
 i - a +0 buckler (worn)
Magical Staves
 l - a staff of death
Wands
 q - a wand of acid (5)
Scrolls
 f - a scroll of magic mapping {unknown}
 h - a scroll of vulnerability {unknown}
 j - a scroll of noise {unknown}
 p - a scroll of teleportation {unknown}
Potions
 k - a potion of heal wounds {unknown}
 m - a potion of ambrosia {unknown}


   Skills:
 - Level 2.0 Fighting
 * Level 6.4 Polearms
 - Level 2.0 Throwing
 - Level 3.0 Dodging


You had 5 spell levels left.
You didn't know any spells.
Your spell library was empty.

Dungeon Overview and Level Annotations

Branches:
Dungeon (4/15)
 Temple: D:4-7

Altars:
Wu Jian

Shops:
D:1 [   D:3 ?(!


Message History

The gnoll hits you with a +0 whip.
Found 15 gold pieces.
The gnoll throws a throwing net.
The throwing net completely misses you.
You see here a throwing net.
d - 2 throwing nets (gained 1)
The gnoll closely misses you. The gnoll barely misses you.
You barely miss the gnoll. The gnoll hits you with a +0 whip.
You puncture the gnoll!
The gnoll is severely wounded.
The gnoll misses you.
You hit the gnoll but do no damage.
The gnoll is severely wounded.
The gnoll hits you with a +0 club. The gnoll hits you with a +0 whip.
Your shield prevents you from hitting the gnoll.
The gnoll is severely wounded.
You block the gnoll's attack. x2
You puncture the gnoll!
You kill the gnoll!
You block the gnoll's attack.
You hit the gnoll.
The gnoll is moderately wounded.
The gnoll hits you with a +0 club!
* * * LOW HITPOINT WARNING * * *
The gnoll closely misses you.
You puncture the gnoll!
The gnoll is severely wounded.
The gnoll hits you with a +0 club.
* * * LOW HITPOINT WARNING * * *
The gnoll closely misses you. You block the ball python's attack.
The ball python grabs you. The ball python constricts you.
* * * LOW HITPOINT WARNING * * *
You hit the gnoll.
You kill the gnoll!
The gnoll barely misses you. The ball python bites you.
* * * LOW HITPOINT WARNING * * *
The ball python constricts you.
* * * LOW HITPOINT WARNING * * *
The gnoll hits you with a +0 club.
You die...

...#...S.....#....
..##...g##...#.........
..#...##.#..##........
...........##........
......#........#....
...#######....##....
...#.....#........
...#.≈≈§.#)#.#.gS#
...#...≈.'S###.#@#
...#._.≈.'g#...#g##
...#...≈.'.#.g....#
...#.§§§.#.g.#...$#
...#..§..#..####.##
...#######..# ###
...........##
..#.......##
..#.......#


You could see 2 gnolls and a ball python.

Vanquished Creatures
  An ogre (D:4)
  A water moccasin skeleton (D:4)
  2 gnolls (D:4)
  3 adders
  2 dart slugs
  3 orcs (D:4)
  2 endoplasms (D:4)
  5 giant cockroaches
  3 goblins
  8 hobgoblins
  A quokka (D:1)
  4 ball pythons (D:4)
  4 bats
  A frilled lizard (D:3)
  3 kobolds (D:4)
  3 rats
46 creatures vanquished.

Notes
Turn   | Place    | Note
-------+----------+-------------------------------------------
     0 | D:1      | nxtlvl the Human Gladiator began the quest for the Orb.
     0 | D:1      | Reached XP level 1. HP: 16/16 MP: 1/1
   153 | D:1      | Reached XP level 2. HP: 22/22 MP: 2/2
   231 | D:1      | Found Saxariet's Armour Emporium.
   271 | D:2      | Reached skill level 4 in Polearms
   271 | D:2      | Reached XP level 3. HP: 9/27 MP: 3/3
   302 | D:3      | Found Xuurakk's Distillery.
   373 | D:3      | Found a faded altar of an unknown god.
   487 | D:3      | Found Risiot's Magic Scroll Boutique.
   574 | D:4      | Noticed an ogre
   594 | D:4      | Reached XP level 4. HP: 13/33 MP: 4/4
   608 | D:4      | HP: 1/33 [ogre (14)]
   609 | D:4      | Killed an ogre
   610 | D:4      | Reached skill level 5 in Polearms
   610 | D:4      | Reached XP level 5. HP: 1/38 MP: 5/5
   659 | D:3      | Found Pixkeaho's Weapon Boutique.
   823 | D:4      | Reached skill level 6 in Polearms
   823 | D:4      | Reached XP level 6. HP: 14/44 MP: 6/6
   914 | D:4      | Found an ornate altar of the Wu Jian Council.
   935 | D:4      | HP: 2/44 [constriction (1)]
   935 | D:4      | Slain by a gnoll

Illustrated notes

Levels and vault maps discovered:
D:1:      amcnicky_arrival_double_pillar, layout_basic, serial_shops, shop,
          minmay_misc_feat_rows, chequers_serial_rivers_room_a,
          lemuel_flame_loot_1
D:2:      layout_basic, nrook_mini_vaults, minmay_pentomino_x2
D:3:      layout_basic, serial_shops, nicolae_shop_trees, shop_statue,
          nicolae_lakefront_shop, nicolae_shop_temple_entry_statues_fountains,
          shapermc_ecumenical_altar_acropolis, interstate_on_off,
          due_unseen_surprise
D:4:      corexii_shack_village, layout_cave_pools,
          mainiacjoe_overflow_alcove_4, minmay_misc_feat_pillars

Skill      XL: |  1  2  3  4  5 |
---------------+----------------+-----
Polearms       | 4 5 6 |  6.4
Fighting       | |  2.0
Throwing       | |  2.0
Dodging        | |  3.0

Action                   |  1- 3 |  4- 6 || total
-------------------------+-------+-------++-------
Melee: Trident           |    73 |    67 ||   140
Throw: Throwing net      |       |     3 ||     3
 Stab: Distracted        |       |     1 ||     1
       Sleeping          |       |     1 ||     1
Armor: Leather armour    |    16 |     8 ||    24
Dodge: Dodged            |    47 |    29 ||    76
Block: Buckler           |     9 |    12 ||    21
